 Dungeon Crawl Stone Soup version 0.30.1-4-g462c640d31 (webtiles) character file.

Game seed: 17358958766727254493

0 croobank the Sneak (level 1, 0/16 HPs)
             Began as an Octopode Delver on Aug 16, 2023.
             Slain by a phantom (3 damage)
             ... on level 4 of the Dungeon.
             The game lasted 00:00:38 (43 turns).

croobank the Sneak (Octopode Delver)                  Turns: 43, Time: 00:00:38

Health: 0/16       AC:  1    Str: 11    XL:     1   Next: 0%
Magic:  1/1        EV: 13    Int: 12    God:
Gold:   0          SH:  0    Dex: 13    Spells: 0/0 levels left

rFire   . . .        a - +0 short sword
rCold   . . .        (no shield)
rNeg    . . .        (helmet restricted)
rPois   .            (no amulet)
rElec   .            (no ring)
rCorr   .            (no ring)
SInv    .            (no ring)
Will    .....        (no ring)
Stlth   ++++         (no ring)
HPRegen 0.22/turn    (no ring)
MPRegen 0.07/turn    (no ring)
                     (no ring)

%: no passive effects
@: no status effects
A: almost no armour, amphibious, 8 rings, camouflage 1, gelatinous body 1,
(nimble swimmer 1), tentacles
a: no special abilities


You were on level 4 of the Dungeon.
You visited 1 branch of the dungeon, and saw 2 of its levels.

Inventory:

Hand Weapons
 a - a +0 short sword (weapon)
Wands
 f - a wand of digging (3)
Scrolls
 b - a scroll of fog
 c - a scroll of magic mapping
 d - a scroll of fear
Potions
 e - a potion of haste


   Skills:
 + Level 3.0 Fighting
 + Level 2.0 Short Blades
 + Level 2.0 Dodging
 + Level 6.6 Stealth


You couldn't memorise any spells.
You didn't know any spells.
Your spell library was empty.

Dungeon Overview and Level Annotations

Branches:
Dungeon (5/15)
 Temple: D:4-7

Altars:


Innate Abilities, Weirdness & Mutations

You cannot wear most types of armour.
You are amphibious.
You can wear up to eight rings at the same time.
Your skin changes colour to match your surroundings (Stealth+).
Your rubbery body absorbs attacks. (AC +1, EV +1)
((You are camouflaged when in or above water. (Stealth+)))
You have tentacles for arms and can constrict up to eight enemies at once.


Message History

Found 6 gold pieces.
Found a hand axe.
There is a stone staircase leading up here.
You climb upwards.
Found a stone staircase leading down.
There is a stone staircase leading down here.
There are monsters nearby!
The phantom attacks as you move away! The phantom misses you.
You hit the phantom.
The phantom is lightly damaged.
You hit the phantom but do no damage.
The phantom is lightly damaged.
The phantom hits you.
The phantom blinks!
You blink.
An orc comes into view. It is wielding a +0 club.
You can't go down here!
You hit the phantom but do no damage.
The phantom is lightly damaged.
The phantom hits you but does no damage.
You hit the phantom but do no damage.
The phantom is lightly damaged.
The phantom hits you.
You closely miss the phantom.
The phantom is lightly damaged.
The phantom misses you.
You closely miss the phantom.
The phantom is lightly damaged.
The phantom barely misses you.
You barely miss the phantom.
The phantom is lightly damaged.
The phantom hits you.
* * * LOW HITPOINT WARNING * * *
The phantom blinks!
You blink.
An orc priest and 2 orcs come into view.
An orc is wielding a +0 dagger and quivering silver boomerangs.
An orc is wielding a +0 dagger and wearing a +0 leather armour of poison resistance.
The helpless orc fails to defend itself.
You puncture the orc!
You kill the orc!
The orc shouts! x3
The phantom hits you.
You die...

### ## #.. .. #o#
#. #o####. ####
#######.##... ...
.....o.o##.#.##.#
#)@##.#.#.#
#.W..ยงยง.>##
#######.## ##.#
.# .# #


You could see a phantom, an orc priest and 3 orcs.

Vanquished Creatures
  An orc (D:4)
1 creature vanquished.

Notes
Turn   | Place    | Note
-------+----------+-------------------------------------------
     0 | D:5      | croobank the Octopode Delver began the quest for the Orb.
     0 | D:5      | Reached XP level 1. HP: 16/16 MP: 1/1
    34 | D:4      | Noticed a phantom
    42 | D:4      | Noticed an orc priest
    43 | D:4      | Slain by a phantom

Illustrated notes

Levels and vault maps discovered:
D:4:      layout_loops_cross
D:5:      layout_loops_ring, mainiacjoe_overflow_24_doors,
          minmay_temple_entry_enclosed_plants, uniq_edmund

Action                     || total
---------------------------++-------
  Melee: Short sword       ||     8
   Stab: Sleeping          ||     1
 Armour: Skin              ||     1
  Dodge: Dodged            ||     3
